 Dungeon Crawl Stone Soup version 0.29.1-2-gbd0b4ee654 (webtiles) character file.

Game seed: 9810764329308656738

67 whiskeysaurus the Trooper (level 3, -1/34 HPs)
             Began as a Minotaur Fighter on Oct 30, 2022.
             Slain by Sigmund
             ... wielding a +0 scythe
              (7 damage)
             ... on level 3 of the Dungeon.
             The game lasted 00:04:38 (1910 turns).

whiskeysaurus the Trooper (Minotaur Fighter)        Turns: 1910, Time: 00:04:38

Health: -1/34      AC:  8    Str: 28    XL:     3   Next: 98%
Magic:  2/2        EV:  9    Int:  5    God:
Gold:   183        SH:  4    Dex:  9    Spells: 2/2 levels left

rFire   . . .      SeeInvis .   a - +0 war axe
rCold   . . .      Faith    .   c - +0 buckler
rNeg    . . .      Spirit   .   b - +0 scale mail
rPois   .          Reflect  .   (helmet restricted)
rElec   .          Harm     .   p - +0 cloak
rCorr   .          Rampage  .   (no gloves)
Will    .....                   (no boots)
Stlth   ..........              (no amulet)
HPRegen 0.11/turn               h - +6 ring of strength
MPRegen 0.08/turn               (no ring)

@: brilliant
A: horns 2, retaliatory headbutt
a: no special abilities


You were on level 3 of the Dungeon.
You visited 1 branch of the dungeon, and saw 3 of its levels.

You collected 183 gold pieces.

Inventory:

Hand Weapons
 a - a +0 war axe (weapon)
Missiles
 k - 28 stones (quivered)
 r - 2 atropa-tipped darts
Armour
 b - a +0 scale mail (worn)
 c - a +0 buckler (worn)
 f - a +0 tower shield
 p - a +0 cloak (worn)
Jewellery
 h - a +6 ring of strength (left hand)
Scrolls
 g - 3 scrolls of identify {unknown}
 l - a scroll of teleportation {unknown}
 m - a scroll of enchant armour {unknown}
Potions
 d - a potion of might
 e - a potion of brilliance
 i - a potion of berserk rage {unknown}
 j - a potion of lignification {unknown}
 n - 2 potions of haste {unknown}
 o - a potion of attraction {unknown}
 q - a potion of mutation {unknown}
 s - a potion of heal wounds {unknown}


   Skills:
 + Level 4.4 Fighting
 + Level 3.5 Axes
 - Level 3.8 Armour
 + Level 4.4 Shields


You had 2 spell levels left.
You didn't know any spells.
Your spell library contained the following spells:

 Spells                   Type           Power      Damage    Failure   Level
 Summon Small Mammal      Summ           0%         N/A       83%         1
 Call Canine Familiar     Summ           0%         N/A       99%         3
 Summon Guardian Golem    Hex/Summ       0%         N/A       99%         3
 Hailstorm                Conj/Ice       0%         3d3       100%        4
 Ice Form                 Ice/Tmut       0%         N/A       100%        4
 Simulacrum               Ice/Necr       0%         N/A       100%        6


Dungeon Overview and Level Annotations

Branches:
Dungeon (3/15)

Altars:
Elyvilon

Annotations:
D:3 Sigmund


Innate Abilities, Weirdness & Mutations

You have a pair of horns on your head.
You reflexively headbutt those who attack you in melee.


Message History

The orc is heavily wounded.
Sigmund barely misses you. The orc closely misses you.
You slash the orc!
You kill the orc!
Sigmund hits you but does no damage. Sigmund barely misses you.
You see here a +0 flail.
You closely miss Sigmund. Sigmund barely misses you.
You hit Sigmund but do no damage. Sigmund hits you but does no damage.
You closely miss Sigmund. You block Sigmund's attack.
You closely miss Sigmund.
Sigmund points at you and mumbles some strange words.
The puff of flame hits you.
You slash Sigmund!
Sigmund is moderately wounded.
Sigmund hits you with a +0 scythe.
You closely miss Sigmund.
Sigmund is moderately wounded.
Sigmund hits you with a +0 scythe.
You barely miss Sigmund.
Sigmund is moderately wounded.
Sigmund closely misses you. You furiously retaliate!
You headbutt Sigmund! You barely miss Sigmund. You headbutt Sigmund.
Sigmund is almost dead.
Sigmund points at you and mumbles some strange words.
You are confused.
Sigmund gestures at you while chanting. The puff of flame hits you!
You are too confused!
You're too confused to move!
Sigmund hits you but does no damage.
You hit Sigmund.
Sigmund is almost dead.
Sigmund attacks as you move away! Sigmund hits you but does no damage.
Sigmund hits you from afar with a +0 scythe.
Sigmund hits you from afar with a +0 scythe!
* * * LOW HITPOINT WARNING * * *
It was a potion of brilliance.
You feel clever all of a sudden.
You feel less confused.
Sigmund hits you from afar with a +0 scythe!
You die...

###########
#......^$..
#..........
#..†.......
#.†........
#..<.......
#@.........
#).........
......@..........
.#####.........<.
#.#.########
..#.# ####.# ..#
##


You could see Sigmund.

Vanquished Creatures
  A gnoll (D:1)
  2 dart slugs
  3 orcs (D:3)
  3 ball pythons
  5 endoplasms
  A giant cockroach (D:2)
  5 hobgoblins
  3 jackals (D:3)
  8 kobolds
  2 quokkas
  7 bats
  3 frilled lizards
  2 rats
45 creatures vanquished.

Notes
Turn   | Place    | Note
-------+----------+-------------------------------------------
     0 | D:1      | whiskeysaurus the Minotaur Fighter began the quest for the
                  | Orb.
     0 | D:1      | Reached XP level 1. HP: 19/19 MP: 0/0
   415 | D:1      | Reached XP level 2. HP: 27/27 MP: 1/1
   793 | D:1      | Reached XP level 3. HP: 33/33 MP: 2/2
  1213 | D:2      | Identified the +4 dagger of the King {vorpal, rElec Str+2}
  1503 | D:2      | Found a white marble altar of Elyvilon.
  1670 | D:2      | Found a faded altar of an unknown god.
  1890 | D:3      | Noticed Sigmund
  1910 | D:3      | Slain by Sigmund

Illustrated notes

Levels and vault maps discovered:
D:1:      saegor_arrival_simple_a, layout_basic
D:2:      layout_loops_corners, chequers_ecumenical_altar_simple, basic_altar,
          dreamdust_wishing_well
D:3:      layout_basic, uniq_sigmund

Skill      XL: |  1  2 |
---------------+-------+-----
Fighting       | 4 |  4.4
Axes           | 3 |  3.5
Shields        | 4 |  4.4
Armour         | |  3.8

Action                   || total
-------------------------++-------
Melee: War axe           ||    98
       Headbutt          ||    13
  Use: Potion            ||     1
Armor: Scale mail        ||    49
Dodge: Dodged            ||    56
Block: Buckler           ||    23
